AoeStats
← 4k1m

Arena

510108425Analyzed
4v4 RM · 4d ago on Sep 29, 2026· 34m 12s· 8 players
Game mode
Random Map
Map size
Large (8 player)
Population
200
Speed
Normal
Resources
Standard
Victory
Conquest
Starting age
Dark Age
Ending age
Imperial Age
RankedLock teamsTeams togetherTeam positionsShared explorationLock speedFull tech treeHidden civsTurbo modeCheats
Victory
Defeat
🇨🇳 Persians · China
1347
+16
🇬🇧 Saxons · United Kingdom
1328
+17
🇨🇳 Ethiopians · China
1307
+18
🇸🇬 Franks · Singapore
1307
+18
🇩🇪 Danes · Germany
1436
-20
🇩🇪 Wu · Germany
1430
-20
🇩🇪 Slavs · Germany
1420
-20
🇩🇪 Spanish · Germany
1136
-9
Oliver
10:11 Feudal Age
10:56 Double-Bit Axe
14:08 Castle Age
13:27 Double-Bit Axe
13:34 Loom
17:22 Fletching
21:03 Bodkin Arrow
33:42 Scale Mail Armor
yukino
10:21 Feudal Age
13:52 Castle Age
12:08 Double-Bit Axe
12:47 Horse Collar
16:01 Bow Saw
22:01 Wheelbarrow
22:26 Loom
23:13 Hand Cart
23:59 Town Watch
24:09 Gold Mining
24:13 Stone Mining
25:40 Gold Shaft Mining
28:12 Imperial Age
26:57 Stone Shaft Mining
26:30 Scale Barding Armor
26:54 Forging
26:51 Heavy Plow
26:58 Town Patrol
27:53 Chain Barding Armor
28:45 Iron Casting
27:53 Cavalier
28:34 Husbandry
28:45 Bloodlines
29:10 Conscription
28:59 Husbandry
29:18 Bloodlines
29:58 Plate Barding Armor
29:59 Iron Casting
29:41 Savar
31:57 Two-Man Saw
33:22 Blast Furnace
32:43 Fletching
8316699
10:08 Feudal Age
13:43 Castle Age
12:09 Double-Bit Axe
14:41 Bow Saw
20:10 Wheelbarrow
25:21 Forging
25:16 Scale Barding Armor
27:45 Imperial Age
25:33 Hand Cart
25:57 Gold Mining
25:58 Stone Mining
27:20 Gold Shaft Mining
27:04 Husbandry
28:03 Chain Barding Armor
28:18 Iron Casting
27:55 Loom
28:30 Chivalry
28:51 Conscription
27:54 Cavalier
31:37 Plate Barding Armor
30:57 Paladin
32:51 Blast Furnace
33:45 Chemistry
用爱感化队友
10:25 Feudal Age
11:08 Double-Bit Axe
14:00 Castle Age
12:11 Horse Collar
14:57 Bow Saw
15:28 Heavy Plow
17:43 Loom
17:58 Town Watch
23:29 Wheelbarrow
25:10 Fletching
25:58 Ballistics
25:23 Elite Skirmisher
26:09 Thumb Ring
27:56 Crossbowman
32:31 Bodkin Arrow
33:00 Padded Archer Armor
33:46 Hand Cart
4k1m
10:21 Feudal Age
11:45 Double-Bit Axe
14:27 Castle Age
12:17 Horse Collar
16:12 Bow Saw
16:04 Heavy Plow
22:42 Wheelbarrow
21:53 Loom
24:20 Gold Mining
24:20 Stone Mining
28:14 Imperial Age
26:35 Squires
27:36 Coinage
27:45 Scale Mail Armor
27:56 Forging
28:37 Gold Shaft Mining
28:37 Stone Shaft Mining
28:23 Elite Varangian Guard
30:08 Banking
30:09 Chain Mail Armor
30:29 Iron Casting
31:31 Plate Mail Armor
34:38 Iron Casting
33:28 Pikeman
Aremenius
11:10 Feudal Age
12:07 Double-Bit Axe
15:07 Castle Age
13:22 Horse Collar
13:34 Gold Mining
16:13 Bow Saw
22:16 Wheelbarrow
27:12 Imperial Age
25:16 Scale Barding Armor
26:16 Chain Barding Armor
26:07 Heavy Plow
26:06 Man-at-Arms
27:07 Hand Cart
27:04 Forging
27:30 Detinets
27:19 Elite Boyar
28:51 Gold Shaft Mining
28:09 Stone Mining
28:44 Bloodlines
28:47 Husbandry
29:34 Plate Barding Armor
30:20 Conscription
31:07 Chemistry
30:11 Pikeman
30:52 Squires
30:50 Loom
30:58 Fletching
32:20 Iron Casting
32:08 Scale Mail Armor
31:29 Halberdier
34:17 Blast Furnace
Janderjunge
11:19 Feudal Age
14:59 Castle Age
13:49 Double-Bit Axe
13:53 Horse Collar
15:46 Loom
16:33 Bow Saw
16:21 Fletching
21:29 Gold Mining
22:18 Bodkin Arrow
30:41 Imperial Age
30:19 Heavy Plow
31:43 Wheelbarrow
33:52 Bracer
xxxDonPabloxxx
12:08 Feudal Age
16:39 Castle Age
15:04 Double-Bit Axe
19:18 Bow Saw
24:40 Horse Collar
Connection lost

Rejoining the realm…

Still unreachable

The connection could not be restored.

Session expired

The server has moved on; the page needs a fresh start.